 Dungeon Crawl Stone Soup version 0.27-a0-909-g0721f309d1 (webtiles) character file.

Game seed: 2730217394867424391

837 lunkers the Magician (level 7, -6/53 HPs)
             Began as a Djinni Earth Elementalist on Apr 8, 2021.
             Shot with an arrow by a centaur (9 damage)
             ... on level 4 of the Dungeon.
             The game lasted 00:08:07 (5911 turns).

lunkers the Magician (Djinni Earth Elementalist)    Turns: 5911, Time: 00:08:07

Health: -6/53      AC:  2    Str:  7    XL:     7   Next: 99%
Gold:   191        EV: 12    Int: 25    God:
                   SH:  0    Dex: 13

rFire    + + .     SeeInvis .   x - +1 dagger (drain)
rCold    x . .     Faith    .   (no shield)
rNeg     . . .     Spirit   .   c - +0 robe
rPois    ∞         Reflect  .   (no helmet)
rElec    .         Harm     .   (no cloak)
rCorr    .         Rampage  .   (no gloves)
Will     +....                  (boots unavailable)
Stlth    ++........             (no amulet)
HPRegen  0.17/turn              z - ring of willpower
MPRegen  0.00/turn              n - +6 ring of intelligence

@: flying
A: fire resistance 2, cold vulnerability 1, float, innate caster, hp casting,
extra vitality 1
a: no special abilities


You were on level 4 of the Dungeon.
You visited 1 branch of the dungeon, and saw 4 of its levels.
You also visited: Sewer.

You collected 191 gold pieces.

Inventory:

Hand Weapons
 l - a +0 dagger
 x - a +1 dagger of draining (weapon)
Missiles
 p - 2 throwing nets
 q - 100 stones
 s - 6 curare-tipped darts
Armour
 c - a +0 robe (worn)
Jewellery
 n - a +6 ring of intelligence (right hand)
 o - an amulet of guardian spirit
 z - a ring of willpower (left hand)
Wands
 A - a wand of charming (9)
Scrolls
 b - a scroll of fog {unknown}
 d - 2 scrolls of enchant armour {unknown}
 e - 2 scrolls of fear {unknown}
 f - a scroll of torment {unknown}
 h - a scroll of vulnerability {unknown}
 j - 2 scrolls of amnesia {unknown}
 k - a scroll of acquirement {unknown}
 m - 3 scrolls of enchant weapon {unknown}
 t - a scroll of blinking {unknown}
 v - a scroll of immolation {unknown}
 w - a scroll of brand weapon {unknown}
 y - a scroll of teleportation {unknown}
Potions
 a - 3 potions of mutation {unknown}
 g - 3 potions of haste {unknown}
 i - a potion of berserk rage {unknown}
 r - a potion of might {unknown}
 u - a potion of heal wounds {unknown}


   Skills:
 + Level 4.7 Fighting
 - Level 2.1 Dodging
 - Level 1.5 Stealth
 * Level 6.5 Spellcasting


You couldn't memorise any spells.
You knew the following spells:

 Your Spells              Type           Power      Damage    Failure   Level
a - Stone Arrow           Conj/Erth      82%        3d12      1%          3
b - Passwall              Tmut/Erth      34%        N/A       1%          2
c - Sandblast             Erth           82%        2d17      1%          1
d - Petrify               Tmut/Erth      41%        N/A       4%          4
e - Lee's Rapid Deconstr  Erth           20%        3d13*     13%         5
f - Animate Skeleton      Necr           82%        N/A       1%          1
g - Searing Ray           Conj           82%        3d6       1%          2
h - Inner Flame           Hex/Fire       41%        N/A       1%          3
Your spell library was empty.

Dungeon Overview and Level Annotations

Branches:
Dungeon (4/15)              Sewer (visited)
 Temple: D:4-7

Altars:
Elyvilon
Kikubaaqudgha
Sif Muna
Trog
Vehumet

Shops:
D:2 ?


Innate Abilities, Weirdness & Mutations

You are immune to poison.
Your flesh is very heat resistant. (rF++)
You are vulnerable to cold. (rC-)
You float through the air rather than walking.
You learn spells naturally, not from books.
Your magical power is your life essence.
You have superior vitality. (+4 HP)


Message History

There is an open door here.
An endoplasm comes into view.
A ball python comes into view.
A centaur comes into view.
The centaur shouts!
The ball python hisses angrily.
You hear a shout! x2
The centaur wields a +0 shortbow.
The centaur shoots an arrow.
The arrow barely misses you.
Casting: Stone Arrow (safe; 1% risk of failure)
Confirm with . or Enter, or press ? or * to list all spells.
The stone arrow hits the ball python!!
You kill the ball python!
The endoplasm quivers.
The centaur shoots an arrow.
The arrow hits you!
The centaur shoots an arrow.
The arrow hits you!
* * * LOW HITPOINT WARNING * * *
There is an open door here.
You start resting.
An endoplasm is nearby!
Casting: Stone Arrow (safe; 1% risk of failure)
Confirm with . or Enter, or press ? or * to list all spells.
Aiming: Stone Arrow (safe; 1% risk of failure)
Press: ? - help, Shift-Dir - straight line, f - endoplasm
Aim: an endoplasm (2% to evade)
The stone arrow hits the endoplasm!
You kill the endoplasm!
* * * LOW HITPOINT WARNING * * *
The centaur shoots an arrow.
The arrow hits you!
* * * LOW HITPOINT WARNING * * *
Casting: Stone Arrow (safe; 1% risk of failure)
Confirm with . or Enter, or press ? or * to list all spells.
Aiming: Stone Arrow (safe; 1% risk of failure)
Press: ? - help, Shift-Dir - straight line, f - centaur
Aim: a centaur, wielding a +0 shortbow and quivering arrows (15% to evade)
The stone arrow hits the centaur!
The centaur is severely wounded.
* * * LOW HITPOINT WARNING * * *
The centaur shoots an arrow.
The arrow hits you!
* * * LOW HITPOINT WARNING * * *
The centaur shoots an arrow.
The arrow hits you!
You die...

##......# #..##
........# ....#
........# ....#
.<......#####...#
........#..##...#
#.......#.......#
#.......'......##
##......#......#####+##.
.#......#..##c.'@†......
.#......#####..#........
.#......# .....########.
.#......#.....J#
.'......#.......
.#......#........
.#......#.....c##
.#......#......#
.#......#


You could see a centaur.

Vanquished Creatures
  7 kobold brigands (Sewer)
  A scorpion (D:3)
  6 gnolls
  13 adders
  3 river rats (Sewer)
  4 worms
  3 orcs (D:3)
  6 bats
  10 endoplasms
  6 giant cockroaches
  7 goblins
  3 hobgoblins
  7 jackals
  7 kobolds
  3 quokkas
  9 ball pythons
  4 frilled lizards
  5 rats
104 creatures vanquished.

Notes
Turn   | Place    | Note
-------+----------+-------------------------------------------
     0 | D:1      | lunkers the Djinni Earth Elementalist began the quest for
                  | the Orb.
     0 | D:1      | Reached XP level 1. HP: 15/15 MP: 0/0
   310 | D:1      | Reached XP level 2. HP: 18/22 MP: 0/0
   313 | D:1      | Reached skill level 3 in Spellcasting
   518 | D:1      | Reached skill level 1 in Fighting
   881 | D:1      | Found a faded altar of an unknown god.
   910 | D:2      | Found Kourryba's Magic Scroll Shop.
   955 | D:2      | Reached XP level 3. HP: 26/27 MP: 0/0
   955 | D:2      | Learned a level 1 spell: Animate Skeleton
  1831 | D:2      | Reached XP level 4. HP: 29/33 MP: 0/0
  2417 | D:2      | Reached skill level 4 in Spellcasting
  2546 | D:2      | Reached XP level 5. HP: 35/39 MP: 0/0
  2546 | D:2      | Learned a level 2 spell: Searing Ray
  2873 | D:3      | Found a glowing drain.
  3147 | Sewer    | Entered a sewer
  3625 | Sewer    | Noticed a kobold brigand
  3630 | Sewer    | Killed a kobold brigand
  3631 | Sewer    | Reached XP level 6. HP: 36/46 MP: 0/0
  3826 | Sewer    | Reached skill level 5 in Spellcasting
  4199 | Sewer    | Reached XP level 7. HP: 47/51 MP: 0/0
  4199 | Sewer    | Learned a level 3 spell: Inner Flame
  4465 | Sewer    | Reached skill level 6 in Spellcasting
  5073 | D:3      | Found a large runed translucent door.
  5073 | D:3      | Found a large runed translucent door.
  5493 | D:3      | Found a bloodstained altar of Trog.
  5510 | D:3      | Found a white marble altar of Elyvilon.
  5911 | D:4      | Shot with an arrow by a centaur

Illustrated notes

Levels and vault maps discovered:
D:1:      psy_arrival_statuary, layout_loops_ring,
          shapermc_ecumenical_altar_mp_urbaneastern
D:2:      layout_loops_ring, serial_shops, nicolae_shop_crystal
D:3:      layout_basic, jmf_multi_god_temple2, gup_sewer_entry_glass
D:4:      layout_gridville, grunt_temple_overflow_magic_moments

Skill      XL: |  1  2  3  4  5  6  7 |
---------------+----------------------+-----
Spellcasting   | 3 4 5 6 |  6.5
Fighting       | 1 2 3 4 |  4.7
Dodging        | |  2.1
Stealth        | |  1.5

Action                   |  1- 3 |  4- 6 |  7- 9 || total
-------------------------+-------+-------+-------++-------
Melee: Dagger            |       |     7 |       ||     7
 Cast: Sandblast         |    30 |       |       ||    30
       Stone Arrow       |    11 |    62 |    44 ||   117
Armor: Robe              |     3 |     1 |     1 ||     5
Dodge: Dodged            |     8 |    14 |     4 ||    26

Table legend: (Time is in decaauts)
 A = Elapsed time spent in this place.
 B = Non-inter-level travel time spent in this place.
 C = Inter-level travel time spent in this place.
 D = Time resting spent in this place.
 E = Time spent auto-exploring this place.
 F = Levels seen in this place.
 G = Mean time per level.
                   A        B        C        D        E       F      G
               +--------+--------+--------+--------+--------+-----+--------+
         Total |   5911 |   5786 |    125 |    571 |   4666 |   5 | 1182.2 |
       Dungeon |   4340 |   4215 |    125 |    470 |   3338 |   4 | 1085.0 |
         Sewer |   1570 |   1570 |      0 |    101 |   1328 |   1 | 1570.0 |
               +--------+--------+--------+--------+--------+-----+--------+

Top non-repeatable levels by time:
   Sewer: 1570 daAuts
     D:1: 1421 daAuts
     D:2: 1420 daAuts
     D:3: 1148 daAuts
     D:4: 350 daAuts
